 Dungeon Crawl Stone Soup version 0.28-a0-1435-g82390b3a13 (webtiles) character file.

Game seed: 11641478817402392726

45 freelancePsychic the Skirmisher (level 3, -3/29 HPs)
             Began as a Demonspawn Abyssal Knight on Jan 10, 2022.
             Was a Believer of Lugonu.
             Killed from afar by an orc wizard (8 damage)
             ... with a puff of flame
             ... on level 4 of the Dungeon.
             The game lasted 00:03:15 (1734 turns).

freelancePsychic the Skirmisher (DsAK)              Turns: 1734, Time: 00:03:16

Health: -3/29      AC:  3    Str: 15    XL:     3   Next: 42%
Magic:  5/5        EV: 11    Int: 11    God:    Lugonu [**....]
Gold:   66         SH:  0    Dex: 13    Spells: 2/2 levels left

rFire   . . .      SeeInvis .   a - +1 spear
rCold   . . .      Faith    .   (no shield)
rNeg    . . .      Spirit   .   b - +0 leather armour
rPois   +          Reflect  .   (helmet restricted)
rElec   .          Harm     .   (no cloak)
rCorr   .          Rampage  .   (no gloves)
Will    .....                   (no boots)
Stlth   +.........              (no amulet)
HPRegen 0.09/turn               c - ring of poison resistance
MPRegen 0.09/turn               (no ring)

@: no status effects
A: claws 1, horns 1
a: Renounce Religion, Depart the Abyss, Bend Space


You were on level 4 of the Dungeon.
You worshipped Lugonu.
Lugonu was pleased with you.
You visited 1 branch of the dungeon, and saw 3 of its levels.
You visited the Abyss 1 time.

You collected 66 gold pieces.

Inventory:

Hand Weapons
 a - a +1 spear (weapon)
Armour
 b - a +0 leather armour (worn)
Jewellery
 c - a ring of poison resistance (left claw)
Scrolls
 d - a scroll of identify {unknown}
Potions
 h - a potion of degeneration {unknown}
 j - 2 potions of brilliance {unknown}


   Skills:
 + Level 3.4 Fighting
 * Level 2.8 Polearms
 - Level 1.7 Armour
 - Level 0.8 Dodging
 + Level 3.2 Invocations


You had 2 spell levels left.
You didn't know any spells.
Your spell library contained the following spells:

 Spells                   Type           Power      Damage    Failure   Level
 Ensorcelled Hibernation  Hex/Ice        0%         N/A       54%         2
 Tukima's Dance           Hex            0%         N/A       78%         3
 Enfeeble                 Hex            0%         N/A       100%        7


Dungeon Overview and Level Annotations

Branches:
Dungeon (2/15)

Altars:


Innate Abilities, Weirdness & Mutations

You have sharp fingernails.
You have a pair of small horns on your head.


Message History

* * * LOW HITPOINT WARNING * * *
The orc barely misses you.
You closely miss the quokka.
The quokka is moderately wounded.
The quokka barely misses you. The orc barely misses you.
You miss the quokka.
The quokka is lightly wounded.
The quokka bites you but does no damage.
The orc barely misses you.
You hit the quokka. Your headbutt misses the quokka.
The quokka is almost dead.
The quokka bites you.
* * * LOW HITPOINT WARNING * * *
The orc hits you but does no damage. x2
The quokka bites you but does no damage.
You catch the helpless quokka completely off-guard!
You hit the quokka.
You kill the quokka!
Lugonu accepts your kill. The orc hits you but does no damage.
The orc misses you.
Found a club.
You see here a quokka corpse.
You flicker for a moment.
The orc resists with significant effort.
The orc appears confused.
The orc shouts!
You see here a +0 club.
You hear a shout!
Found 14 stones.
You flicker back into view.
Found an escape hatch in the ceiling.
A magic dart appears from out of thin air!
The magic dart hits you but does no damage.
An orc and an orc priest come into view.
The orc priest shouts!
An orc wizard comes into view. It is wielding a +0 dagger.
The orc shouts!
You hear a shout!
The orc wizard casts a spell at you. The puff of flame hits you!
You die...

.# .. ####.# ...
..#.. ### .o..
#.#.#...
#.#...###.#.#.#
########.##o...<....#
...#. ............##
.... ..o......@...#
...# #.#######.##..#
#..# #.# #.# #
#..#####.#######.##.#
...##oo.o{..).......#
#.###†###############
#.# #.# #.###{###
..#.o...#


You could see an orc priest, an orc wizard and an orc.

Vanquished Creatures
  3 ball pythons
  9 endoplasms (D:1)
  4 giant cockroaches (D:1)
  4 goblins (D:1)
  4 hobgoblins
  A quokka (D:4)
  2 bats (D:1)
  3 frilled lizards
  6 kobolds (D:1)
  4 rats (D:1)
40 creatures vanquished.

Vanquished Creatures (others)
  6 plants (D:4)
6 creatures vanquished.

Grand Total: 46 creatures vanquished

Notes
Turn   | Place    | Note
-------+----------+-------------------------------------------
     0 | Abyss:1  | freelancePsychic the Demonspawn Abyssal Knight began the
                  | quest for the Orb.
     0 | Abyss:1  | Reached XP level 1. HP: 18/18 MP: 2/2
    79 | Abyss:1  | Noticed a smoke demon
    81 | D:1      | Escaped the Abyss
   267 | D:1      | Discovered your monstrous ancestry.
   267 | D:1      | Gained mutation: You have sharp fingernails. [demonic
                  | ancestry]
   267 | D:1      | Reached XP level 2. HP: 19/24 MP: 4/4
   619 | D:1      | Reached ** piety under Lugonu
   841 | D:1      | Gained mutation: You have a pair of small horns on your
                  | head. [demonic ancestry]
   841 | D:1      | Reached XP level 3. HP: 23/29 MP: 5/5
  1421 | D:2      | Found a faded altar of an unknown god.
  1525 | D:2      | You fall into a shaft and drop 2 floors!
  1545 | D:4      | Noticed a kobold brigand
  1734 | D:4      | Killed from afar by an orc wizard

Illustrated notes

Levels and vault maps discovered:
D:1:      dpeg_arrival_arbitrary_c, layout_basic, minmay_worlds_worst_comb
D:2:      layout_loops_ring, nicolae_ecumenical_oubliette
D:4:      layout_loops_ring, serial_bayou_pond_b, serial_bayou_lake_a

Skill      XL: |  1  2 |
---------------+-------+-----
Polearms       | 2 |  2.8
Invocations    | 3 |  3.2
Fighting       | |  3.4
Armour         | |  1.7
Dodging        | |  0.8

Action                   || total
-------------------------++-------
Melee: Spear             ||   146
       Headbutt          ||     5
       Punch             ||     2
  Use: Scroll            ||     4
       Potion            ||     2
 Stab: Sleeping          ||     2
       Invisible         ||     1
Armor: Leather armour    ||    32
Dodge: Dodged            ||    55

Table legend: (Time is in decaauts)
 A = Elapsed time spent in this place.
 B = Non-inter-level travel time spent in this place.
 C = Inter-level travel time spent in this place.
 D = Time resting spent in this place.
 E = Time spent auto-exploring this place.
 F = Levels seen in this place.
 G = Mean time per level.
                   A        B        C        D        E       F      G
               +--------+--------+--------+--------+--------+-----+--------+
         Total |   1729 |   1712 |     17 |     53 |   1275 |   4 |  432.2 |
       Dungeon |   1648 |   1631 |     17 |     53 |   1203 |   3 |  549.3 |
         Abyss |     81 |     81 |      0 |      0 |     72 |   1 |   81.0 |
               +--------+--------+--------+--------+--------+-----+--------+

Top non-repeatable levels by time:
     D:1: 1276 daAuts
     D:4: 208 daAuts
     D:2: 164 daAuts
 Abyss:1: 81 daAuts
